 Dungeon Crawl Stone Soup version 0.20-a0-1086-g4bd2f5b (webtiles) character file.

8022 MydosGodOfBeginnings the Basher (level 11, -1/74 HPs)
             Began as a Mummy Monk on May 1, 2017.
             Was a Priest of Hepliaklqana.
             Slain by a wight
             ... wielding a +4 short sword
              (9 damage)
             ... on level 9 of the Dungeon.
             The game lasted 00:54:33 (15716 turns).

MydosGodOfBeginnings the Basher (Mummy Monk)       Turns: 15716, Time: 00:54:34

Health: -1/74      AC:  6    Str: 17    XL:     11   Next: 4%
Magic:  20/20      EV: 12    Int: 11    God:    Hepliaklqana [***...]
Gold:   540        SH:  0    Dex: 14    Spells: 10/10 levels left

rFire    + . .     SeeInvis .   c - +0 morningstar
rCold    + + .     Gourm    .   (no shield)
rNeg     + + +     Faith    .   h - +0 leather armour
rPois    ∞         Spirit   .   x - +0 helmet
rElec    .         Reflect  .   g - scarf {rC+ rF+}
rCorr    .         Harm     .   j - +1 pair of gloves
MR       +....                  (no boots)
Stlth    ++........             o - amulet of magic regeneration
Regen    0.3/turn               q - ring of protection from fire
MPRegen  0.3/turn               C - ring of magical power

@: no status effects
A: no food or potions, fire vulnerability, reduced essence, cold resistance 1,
negative energy resistance 3, torment resistance, unbreathing
a: Recall Ancestor, Ancestor Identity, Transference, Renounce Religion


You were on level 9 of the Dungeon.
You worshipped Hepliaklqana.
Hepliaklqana was most pleased with you.
You were not hungry.

You visited 2 branches of the dungeon, and saw 10 of its levels.
You also visited: Sewer.

You collected 540 gold pieces.

Inventory:

Hand Weapons
 c - a +0 morningstar (weapon)
 s - a +0 blowgun
 v - a +1 flail
Missiles
 m - 8 tomahawks of returning (quivered)
 r - 9 poisoned needles
 w - 8 needles of frenzy
Armour
 f - a +1 cloak
 g - a scarf of resistance (worn)
 h - a +0 leather armour (worn)
 j - a +1 pair of gloves (worn)
 n - a +2 shield
 x - a +0 helmet (worn)
Jewellery
 o - an amulet of magic regeneration (around neck)
 q - a ring of protection from fire (left hand)
 t - an uncursed ring of flight
 C - a ring of magical power (right hand)
Wands
 b - a wand of iceblast (11/15)
 d - a wand of enslavement (8/24)
 l - a wand of confusion (26/48)
 p - a wand of polymorph (1/24)
 u - a wand of acid (9/15)
 A - a wand of flame (33/48)
Scrolls
 a - 2 scrolls of amnesia
 e - 3 scrolls of remove curse
 i - 7 scrolls of identify
 k - a scroll of enchant weapon
 y - a scroll of recharging {unknown}
 z - a scroll of magic mapping
 B - a scroll of holy word {unknown}
 D - a scroll of torment {unknown}


   Skills:
 + Level 6.9 Fighting
 * Level 12.1 Maces & Flails
 - Level 1.1 Throwing
 - Level 4.0 Armour
 - Level 2.4 Dodging
 - Level 1.5 Stealth
 * Level 3.1 Shields
 + Level 0.7 Evocations


You had 10 spell levels left.
You didn't know any spells.

Dungeon Overview and Level Annotations

Branches:
Dungeon (9/15)             Temple (1/1) D:6            Lair (0/6) D:8
    Orc: D:9-12

Altars:
Ashenzari
Cheibriados
Dithmenos
Elyvilon
Fedhas
Gozag
Hepliaklqana
Kikubaaqudgha
Makhleb
Nemelex Xobeh
Okawaru
Qazlal
Ru
Sif Muna
Trog
Uskayaw
Vehumet
Wu Jian
Xom
Yredelemnul
Zin
The Shining One

Shops:
D:7 :


Innate Abilities, Weirdness & Mutations

You do not eat or drink.
Your flesh is vulnerable to fire.
You are immune to poison.
Your flesh is cold resistant. (rC+)
You are immune to negative energy. (rN+++)
You are immune to unholy pain and torment.
You can survive without breathing.
Your life essence is reduced. (-10% HP)


Message History

Whichouse hits the wight but does no damage.
Throwing (i - inventory):
m - 8 tomahawks of returning (quivered)
Press: ? - help, Shift-Dir - straight line, f - wight
Aim: a wight, wielding a scimitar of freezing and wearing a robe You throw a tomahawk of returning.
The tomahawk of returning hits the wight!
The wight is heavily damaged.
The tomahawk of returning returns to your pack!
Whichouse casts a spell at the wight.
The wight resists with some effort.
The wight hits you with a scimitar of freezing!
* * * LOW HITPOINT WARNING * * *
The wight freezes you.
* * * LOW HITPOINT WARNING * * *
Whichouse gestures at the wight while chanting.
The wight resists with some effort.
Whichouse gestures at the wight while chanting.
The wight seems to slow down.
The wight hits you with an enchanted short sword!
You die...

....# ######....# ##
#.........# #..
#######.........# #..
#...............#
.###..###...............#
........@................
........zzR..............
####..............>......
#.............###.....
#####.....##### #.....
####### ######


You could see the friendly whichouse the hexer and 2 wights.

Vanquished Creatures
  2 two-headed ogres
  The ghost of Shinoi the Covert, a novice SpEn of Kikubaaqudgha (D:9)
  A troll (D:6)
  Grinder (D:3)
  2 yaks (D:8)
  A hungry ghost (D:9)
  A water moccasin (D:7)
  A porcupine (D:8)
  A necrophage (D:8)
  A sky beast (D:6)
  A black bear (D:4)
  An ice beast (D:5)
  A phantom (D:5)
  3 centaurs
  A crocodile (D:8)
  2 ogres
  4 big kobolds
  7 bullfrogs
  A wyvern zombie (D:9)
  4 scorpions
  A killer bee (D:9)
  4 howler monkeys
  3 wights (D:6)
  3 crimson imps
  2 jellies (D:8)
  3 hounds
  4 orc priests
  2 bullfrog skeletons
  2 orc wizards
  7 iguanas
  Ijyb (D:2)
  Natasha (thrice) (D:3)
  Terence (D:2)
  2 worker ants
  A killer bee zombie (D:9)
  2 hexers
  A worker ant zombie (D:5)
  2 gnolls (D:9)
  14 adders
  A river rat (D:6)
  6 shadow imps
  4 oozes
  An adder skeleton (D:6)
  13 worms
  A dart slug (D:2)
  6 leopard geckos
  15 orcs
  3 ball pythons
  5 giant cockroaches
  12 goblins
  8 hobgoblins
  3 jackals (D:2)
  5 quokkas
  7 bats
  3 frilled lizards
  14 kobolds
  A quokka skeleton (D:4)
  10 rats
  A bush (D:6)
214 creatures vanquished.

Vanquished Creatures (collateral kills)
  2 yaks (D:8)
  A basilisk (D:8)
  2 ice beasts
  A porcupine (D:8)
  An eye of draining (D:9)
  3 crocodiles (D:8)
  3 big kobolds (Sewer)
  3 bullfrogs
  A scorpion (D:8)
  A killer bee (D:8)
  A howler monkey (D:7)
  2 wights
  A quasit (D:8)
  An orc priest (D:9)
  A hound (D:9)
  An iguana (D:8)
  An adder (Sewer)
  4 worms (Sewer)
  3 orcs (D:6)
  A giant cockroach (D:6)
  3 kobolds (D:8)
  2 ball pythons
  2 rats
41 creatures vanquished.

Vanquished Creatures (others)
  5 hexers
  2 fungi (D:8)
  8 plants
15 creatures vanquished.

Grand Total: 270 creatures vanquished

Notes
Turn   | Place    | Note
-------+----------+-------------------------------------------
     0 | D:1      | MydosGodOfBeginnings the Mummy Monk began the quest for the Orb.
     0 | D:1      | Reached XP level 1. HP: 18/18 MP: 1/1
   133 | D:1      | Reached XP level 2. HP: 8/24 MP: 2/2
   511 | D:1      | Reached skill level 3 in Maces & Flails
  1179 | D:1      | Reached XP level 3. HP: 24/29 MP: 3/3
  1627 | D:2      | Found a sacrificial altar of Ru.
  3036 | D:2      | Reached skill level 1 in Armour
  3036 | D:2      | Reached XP level 4. HP: 25/35 MP: 4/4
  3415 | D:2      | Noticed Terence
  3430 | D:2      | Killed Terence
  3430 | D:2      | Reached skill level 4 in Maces & Flails
  3650 | D:3      | Noticed Natasha
  3709 | D:3      | Reached XP level 5. HP: 41/41 MP: 5/5
  3874 | D:3      | Killed Natasha
  3980 | D:3      | Noticed Natasha
  4161 | D:3      | HP: 1/41 [shadow imp[Natasha] (2)]
  4575 | D:3      | Killed Natasha
  4707 | D:3      | Noticed Grinder
  4713 | D:3      | Paralysed by Grinder for 2 turns
  4720 | D:3      | Paralysed by Grinder for 6 turns
  4954 | D:3      | Noticed Natasha
  4959 | D:3      | Killed Natasha
  4960 | D:3      | Noticed Ijyb
  5128 | D:2      | Killed Ijyb
  5203 | D:2      | Reached XP level 6. HP: 23/47 MP: 6/6
  5940 | D:3      | Reached skill level 5 in Maces & Flails
  6033 | D:3      | Paralysed by Grinder for 5 turns
  6076 | D:3      | Killed Grinder
  6076 | D:3      | Reached XP level 7. HP: 22/53 MP: 7/7
  6641 | D:4      | Reached skill level 6 in Maces & Flails
  7165 | D:4      | Reached skill level 1 in Throwing
  7596 | D:5      | Entered Level 5 of the Dungeon
  7672 | D:5      | Reached XP level 8. HP: 10/60 MP: 8/8
  7931 | D:5      | Reached skill level 7 in Maces & Flails
  8568 | D:5      | Found a shattered altar of Ashenzari.
  8813 | D:6      | Identified a scroll of acquirement
  9139 | D:6      | Found a staircase to the Ecumenical Temple.
  9150 | Temple   | Entered the Ecumenical Temple
  9192 | Temple   | Became a worshipper of Hepliaklqana the Forgotten
  9192 | Temple   | Reached * piety under Hepliaklqana
  9192 | Temple   | Reached ** piety under Hepliaklqana
  9193 | Temple   | Remembered your ancestor whichouse as a hexer
  9293 | D:6      | Reached skill level 8 in Maces & Flails
  9430 | D:6      | Found a glowing drain.
  9479 | Sewer    | Entered a sewer
  9969 | Sewer    | Reached skill level 5 in Fighting
 10244 | Sewer    | Reached XP level 9. HP: 61/61 MP: 9/9
 10512 | Sewer    | Reached skill level 9 in Maces & Flails
 11291 | D:6      | Noticed a troll
 11306 | D:6      | Killed a troll
 11631 | D:7      | Found Omauttew's Book Boutique.
 11698 | D:7      | Noticed a two-headed ogre
 11840 | D:7      | Reached skill level 10 in Maces & Flails
 12007 | D:7      | Killed a two-headed ogre
 12007 | D:7      | Reached skill level 1 in Shields
 12198 | D:7      | Reached XP level 10. HP: 47/68 MP: 10/10
 12318 | D:7      | Found a glowing golden altar of the Shining One.
 13110 | D:8      | Reached skill level 11 in Maces & Flails
 13225 | D:8      | Noticed a two-headed ogre
 13957 | D:8      | Reached *** piety under Hepliaklqana
 14121 | D:8      | Killed a two-headed ogre
 14528 | D:8      | Found a staircase to the Lair.
 15565 | D:9      | Noticed Shinoi's ghost (novice SpEn)
 15623 | D:9      | Killed Shinoi's ghost
 15623 | D:9      | Reached skill level 12 in Maces & Flails
 15623 | D:9      | Reached XP level 11. HP: 64/74 MP: 11/11
 15716 | D:9      | Slain by a wight

Vault maps used:
D:1:      dpeg_arrival_arbitrary_a
D:2:      first_bread, nicolae_ru_awakened_eye, uniq_terence
D:3:      uniq_grinder, uniq_natasha, uniq_ijyb
D:4:      minmay_door_path, nrook_loot_triangle
D:5:      basic_altar, minmay_misc_feat_cross, nicolae_sextant
D:6:      minmay_temple_entry_overgrown, portal_sewer_entry_c
D:7:      tso_metal_star, serial_shops, nicolae_shop_waterfront
D:8:      minmay_lair_entry_grove
D:9:      serial_shops, shop, hangedman_ranch
Temple:   kilobyte_greek_temple
Sewer:    sewer_co_tree

Skill      XL: |  1  2  3  4  5  6  7  8  9 10 |
---------------+-------------------------------+-----
Maces & Flails | 3 4 5 6 8 10 12 | 12.1
Armour         | 1 2 3 4 |  4.0
Fighting       | 4 5 6 |  6.9
Throwing       | 1 |  1.1
Shields        | 1 3 |  3.1
Dodging        | |  2.4
Stealth        | |  1.5
Evocations     | |  0.7

Action                   |  1- 3 |  4- 6 |  7- 9 | 10-12 || total
-------------------------+-------+-------+-------+-------++-------
Melee: Mace              |   151 |   219 |    85 |       ||   455
       Flail             |       |       |   262 |       ||   262
       Morningstar       |       |       |    94 |   236 ||   330
 Fire: Blowgun           |       |       |    37 |    15 ||    52
Throw: Tomahawk          |    13 |    17 |     8 |     4 ||    42
Invok: Ancestor Life: He |       |       |     1 |       ||     1
       Ancestor Identity |       |       |     1 |       ||     1
       Recall Ancestor   |       |       |       |     1 ||     1
Evoke: Wand              |       |     1 |       |     4 ||     5
  Use: Scroll            |     1 |       |     6 |     2 ||     9
 Stab: Sleeping          |     5 |     1 |     3 |       ||     9
       Distracted        |       |     1 |     4 |     1 ||     6
       Confused          |       |       |     3 |     6 ||     9
Armor: Leather armour    |    17 |    50 |    89 |    79 ||   235
       Robe              |     5 |       |       |       ||     5
Dodge: Dodged            |    92 |   158 |   232 |   191 ||   673
